Match 35165921
Unlisted

Match 35165921
End
Construct Barracks
Riflemen Squad
Riflemen Squad
Riflemen Squad
Engineer Squad
Engineer Squad
Infantry Support Center
Construct Weapon Support Center
Bazooka Squad
Selects M29 Weasel with M1 Pack Howitzer
Construct Medical Station
Grenade Package
M1918 Browning Automatic Rifles
Construct Motor Pool
Selects Raiding Flares
M1919 Machine Gun Team
M29 Weasel with M1 Pack Howitzer
M29 Weasel with M1 Pack Howitzer
M8 Greyhound Armored Car
Selects SSF Commando Squad
M1 Anti-tank Gun Team
Munitions Surplus
M24 Chaffee Light Tank
Demolitions Package
Engineer Squad
Selects Assault Operation
Selects Mark Vehicle
Selects UNKNOWN (2162291)
Construct Tank Depot
Riflemen Squad
M4A1 Sherman Medium Tank
Engineer Squad
M29 Weasel with M1 Pack Howitzer
M4A1 Sherman Medium Tank
Engineer Squad
Engineer Squad
M4A1 Sherman Medium Tank
Engineer Squad
Engineer Squad
Engineer Squad
Engineer Squad
Selects Armored Battlegroup
Selects Special Operations Battlegroup
CPU - Expert
CPU - Expert
Flintgast
s73r01d
0
0

Comments sign in to comment!

No comments posted yet!